 Dungeon Crawl Stone Soup version 0.15-a0-773-g3a4c672 (webtiles) character file.

18471 Piculus the Severer (level 12, -8/105 HPs)
             Began as a Minotaur Fighter on May 13, 2014.
             Was the Champion of Makhleb.
             Mangled by Urug
             ... wielding a +1,+1 great sword of flaming
              (26 damage)
             ... in a volcano.
             The game lasted 02:14:29 (13519 turns).

Piculus the Severer (Minotaur Fighter)             Turns: 13519, Time: 02:14:29

HP  -8/105       AC 13     Str 22      XL: 12   Next: 28%
MP   5/5         EV  9     Int  3      God: Makhleb [******]
Gold 815         SH  0     Dex 14      Spells:  0 memorised, 11 levels left

rFire  + + .     SeeInvis .     G - +2 battleaxe
rCold  . . .     Clarity  .     b - +1 scale mail {rF+}
rNeg   . . .     Conserve .     (no shield)
rPois  .         rCorr    .     (helmet restricted)
rElec  .         rRot     .     p - +0 cloak
SustAb . .       Spirit   .     (no gloves)
rMut   .         Warding  .     U - +0 pair of boots
Gourm  .         Stasis   .     M - amulet of faith {!P}
MR     .....                    O - ring of stealth
                                V - ring of protection from fire

@: about to teleport, not resistant to hostile enchantments, very unstealthy
A: retaliatory headbutt, horns 2, dopey 1
a: Minor Destruction, Lesser Servant of Makhleb, Major Destruction, Greater
Servant of Makhleb, Renounce Religion


You were in a volcano.
You worshipped Makhleb.
Makhleb was exalted by your worship.
You were hungry.

You visited 2 branches of the dungeon, and saw 14 of its levels.
You also visited: Ossuary, Bailey and Volcano.

You collected 815 gold pieces.


Innate Abilities, Weirdness & Mutations

You reflexively headbutt those who attack you in melee.
You have a pair of horns on your head.
You are dopey. (Int -2)


   Skills:
 - Level 9.6 Fighting
   Level 2.1 Short Blades
 + Level 16.8 Axes
 - Level 13.3 Armour
 + Level 0.4 Dodging
 - Level 5.0 Shields


You had 11 spell levels left.
You didn't know any spells.

Inventory:

Hand weapons
 a - a +2 blowgun
 l - a +1,+3 mace of protection
 x - a +0,+0 war axe
 G - a +2,+2 battleaxe (weapon)
 R - the +5,+10 sling "Jiocunli" {velocity, +Blink rPois rC++}
   (You found it on level 7 of the Dungeon)

   Any stone fired from it inflicts extra damage.
   It greatly protects you from cold.
   It protects you from poison.
   It lets you blink.
Missiles
 s - 31 tomahawks of returning (quivered)
 u - 4 poisoned darts
 v - 14 curare-tipped needles
Armour
 b - a +1 scale mail of fire resistance (worn)
 c - a +0 shield
 p - a +0 cloak (worn)
 A - a +0 chain mail of poison resistance
 H - a +0 plate armour
 U - a +0 pair of boots (worn)
Magical devices
 w - a wand of invisibility (2)
 z - a wand of flame (5)
 B - a wand of cold (1)
 C - a wand of flame (4)
 J - a wand of frost (0)
 Q - a wand of draining (2)
 T - a wand of teleportation (1) {!d}
 Y - a wand of slowing (3) {unknown}
Comestibles
 d - 6 bread rations
 L - 3 meat rations
 P - 7 cheeses
Jewellery
 m - a cursed +2 ring of intelligence
 n - an uncursed ring of flight
 o - an uncursed amulet of guardian spirit
 M - an amulet of faith (around neck) {!P}
 O - a ring of stealth (right hand)
 V - a ring of protection from fire (left hand)
Potions
 e - a potion of might
 i - 5 potions of curing
 j - a potion of agility
 F - a potion of brilliance
 I - a potion of heal wounds
 N - a potion of invisibility {unknown}
 X - a potion of restore abilities
 Z - 2 potions of cure mutation
Miscellaneous
 E - a plain deck of summonings

Dungeon Overview and Level Annotations

Branches:
Dungeon (13/15)            Temple (0/1) D:4             Orc (0/4) D:10
   Lair (1/8) D:10
 Vaults: D:13-14

Altars:
Dithmenos
Elyvilon
Fedhas
Makhleb
Sif Muna
Trog
Vehumet
The Shining One

Shops:
D:10 (

Annotations:
Volcano Urug

▒▒▒ ▒▒▒ ▒▒·▒▒▒▒▒▒▒▒▒▒ ▒▒▒·▒▒
▒▒··#··▒▒····▒▒▒▒▒····▒
···▒▒▒#···▒·▒▒▒··▒▒··▒▒▒▒▒▒▒▒▒
····#·#·················▒·▒··▒
···##·#······················▒▒▒
···###·········oH#o#·o·o·······▒▒
≈≈≈≈#≈#≈≈≈≈≈≈·≈##≈###············
#≈#≈##≈≈##≈###≈≈≈#≈≈#≈≈≈·········
##≈##≈##≈≈≈≈#≈≈#≈##≈##≈###·······
≈#≈###≈≈############≈#≈#≈#≈······
#≈##≈≈≈#≈≈≈≈≈≈≈≈≈≈≈≈##≈###≈≈##···
###≈#≈≈≈≈#≈≈≈####≈≈####≈≈#≈≈##···
#≈≈≈≈≈##≈#≈≈≈#≈≈≈##≈≈≈#≈≈≈≈####··
≈#≈≈≈#≈#≈≈#≈≈≈#≈≈≈≈###≈≈#####≈#··


You could see Urug and an orc warrior.


Message History

You slash the orc warrior!
The orc warrior is heavily wounded.
The orc warrior hits you with a trident of flaming!
* * * LOW HITPOINT WARNING * * *
The orc warrior hits you from afar with a trident of flaming.
* * * LOW HITPOINT WARNING * * *
You hit the orc warrior.
The orc warrior is heavily wounded.
The orc warrior hits you with a trident of flaming!
* * * LOW HITPOINT WARNING * * *
The orc warrior burns you.
* * * LOW HITPOINT WARNING * * *
The orc warrior hits you from afar with a trident of flaming.
* * * LOW HITPOINT WARNING * * *
The orc warrior barely misses you.
The air gets thick with the scent of sulphur.
The volcano roars to life, belching forth lava!
The orc warrior is engulfed in roaring flames.
The orc warrior is engulfed in roaring flames.
The orc warrior is engulfed in roaring flames.
Urug shouts!
Evoke which item? (* to show all) (? for menu, Esc to quit)
Zapping:
T - a wand of teleportation {zapped: 2} {!d} You feel strangely unstable.
The orc warrior hits you from afar with a trident of flaming!
* * * LOW HITPOINT WARNING * * *
The orc warrior burns you.
* * * LOW HITPOINT WARNING * * *
Urug hits you with a great sword of flaming!
You die...

Action                   |  1- 3 |  4- 6 |  7- 9 | 10-12 || total
-------------------------+-------+-------+-------+-------++-------
Melee: Cutlass           |    12 |       |       |       ||    12
       Mace              |    51 |   113 |   145 |       ||   309
       Sling             |       |       |   303 |       ||   303
       War axe           |       |       |   214 |       ||   214
       Battleaxe         |       |       |    62 |   680 ||   742
 Fire: Sling             |       |       |    36 |       ||    36
       Blowgun           |       |       |     2 |       ||     2
Throw: Javelin           |       |       |     9 |       ||     9
       Tomahawk          |       |       |    49 |    56 ||   105
       Dart              |       |       |     8 |       ||     8
       Throwing net      |       |       |     2 |       ||     2
Invok: Minor Destruction |       |       |     2 |       ||     2
       Lesser Servant of |       |       |     1 |       ||     1
 Abil: Evoke Flight      |       |       |     6 |       ||     6
Evoke: Wand              |       |       |     8 |     7 ||    15
  Use: Scroll            |     7 |       |    19 |     5 ||    31
       Potion            |       |       |     6 |     6 ||    12
 Stab: Invisible         |       |       |     2 |     6 ||     8

Vault maps used:
D:1:      sevenhm_arrival_forest_fort_small_4, serial_bayou_pond_d,
          tso_metal_star
D:2:      lemuel_doored_altar, uniq_iyjb, uniq_jessica
D:4:      old_standard_altar, minmay_temple_entry_grid, first_bread,
          hangedman_jelly_panic, uniq_pikel
D:5:      kennysheep_kobold_camp, nicolae_ossuary_entry_false_entrances
D:6:      vehumet_altar_wand_db, water_boxes_lemuel
D:7:      grunt_dithmenos_smoke_and_mirrors, lemuel_crystal_altar,
          enter_bailey_5, basic_altar, grunt_livestock, uniq_edmund
D:9:      led_sif_pool, uniq_joseph
D:10:     zombieorc1_lemuel, lair_0_dummy, serial_shops,
          nicolae_shop_statue_plus, small_statue_alley_a, grunt_ministairs_14,
          uniq_josephine
D:11:     basic_altar, uniq_maurice
D:13:     special_room, basic_altar
Lair:1:   nicolae_volcano_entry_s_turn, basic_altar, st_stairs_8,
          guppyfry_lair_drakes, infiniplex_staircase_pool_2
Ossuary:  ossuary_tomb_1
Bailey:   bailey_axe_4, bailey
Volcano:  volcano_lake

Notes
Turn   | Place    | Note
--------------------------------------------------------------
     0 | D:1      | Piculus, the Minotaur Fighter, began the quest for the Orb.
     0 | D:1      | Reached XP level 1. HP: 19/19 MP: 1/1
    27 | D:1      | Reached skill level 4 in Shields
   129 | D:1      | Reached XP level 2. HP: 26/26 MP: 1/1
   197 | D:1      | Found a glowing golden altar of the Shining One.
   442 | D:1      | Reached skill level 5 in Shields
   650 | D:2      | Noticed Jessica
   653 | D:2      | Reached XP level 3. HP: 33/33 MP: 2/2
   655 | D:2      | Killed Jessica
   655 | D:2      | Reached skill level 4 in Fighting
   772 | D:2      | Found a burning altar of Makhleb.
   775 | D:2      | Became a worshipper of Makhleb the Destroyer
   796 | D:2      | Reached XP level 4. HP: 41/41 MP: 2/2
   854 | D:2      | Noticed Ijyb
   857 | D:2      | Killed Ijyb
   857 | D:2      | Reached skill level 5 in Fighting
  1407 | D:3      | Acquired Makhleb's first power
  1424 | D:3      | Reached skill level 6 in Fighting
  1424 | D:3      | Reached XP level 5. HP: 43/50 MP: 2/2
  1823 | D:4      | Found a blossoming altar of Fedhas.
  1869 | D:4      | Noticed a slave
  1870 | D:4      | Noticed a slave
  1870 | D:4      | Noticed a slave
  1871 | D:4      | Noticed Pikel
  1905 | D:4      | Killed a slave
  1918 | D:4      | Killed a slave
  1925 | D:4      | Killed a slave
  1980 | D:4      | Killed Pikel
  1980 | D:4      | Reached skill level 9 in Fighting
  1980 | D:4      | Reached XP level 6. HP: 50/64 MP: 3/3
  1980 | D:4      | Reached XP level 7. HP: 54/70 MP: 3/3
  1995 | D:4      | Noticed a freed slave
  2011 | D:4      | Acquired Makhleb's second power
  2053 | D:4      | Reached skill level 1 in Axes
  2090 | D:4      | Killed a freed slave
  2113 | D:4      | Reached skill level 2 in Axes
  2133 | D:4      | Found a staircase to the Ecumenical Temple.
  2154 | D:4      | Reached skill level 3 in Axes
  2406 | D:4      | Noticed an ogre
  2414 | D:4      | Killed an ogre
  2414 | D:4      | Reached skill level 4 in Axes
  2502 | D:4      | Reached skill level 5 in Axes
  2663 | D:5      | Entered Level 5 of the Dungeon
  2733 | D:4      | Reached XP level 8. HP: 31/78 MP: 1/3
  3067 | D:5      | Acquired Makhleb's third power
  3108 | D:5      | Reached skill level 6 in Axes
  3243 | D:5      | Found a sand-covered staircase.
  3248 | Ossuary  | Entered an ossuary
  3447 | Ossuary  | HP: 14/78 [mummy (15)]
  3454 | Ossuary  | HP: 15/78 [big kobold zombie (1)]
  3459 | Ossuary  | HP: 14/78 [big kobold zombie (2)]
  3465 | Ossuary  | HP: 12/78 [big kobold zombie (3)]
  3478 | Ossuary  | HP: 12/78 [big kobold zombie (4)]
  3483 | Ossuary  | HP: 12/78 [big kobold zombie (2)]
  3508 | Ossuary  | HP: 23/78 [big kobold zombie (1)]
  3513 | Ossuary  | HP: 14/78 [big kobold zombie (3)]
  3520 | Ossuary  | HP: 12/78 [human zombie (1)]
  3526 | Ossuary  | HP: 1/78 [mummy (9)]
  3534 | Ossuary  | HP: 3/78 [human zombie (3)]
  3535 | Ossuary  | HP: 1/78 [human zombie (2)]
  3540 | Ossuary  | Reached skill level 7 in Axes
  3552 | Ossuary  | Acquired Makhleb's fourth power
  3947 | D:5      | HP: 18/78 [cloud of flame (23)]
  4063 | D:5      | Reached skill level 8 in Axes
  4211 | D:5      | Acquired Makhleb's fifth power
  4843 | D:6      | Found a radiant altar of Vehumet.
  4879 | D:6      | Reached skill level 9 in Axes
  5551 | D:7      | Found a bloodstained altar of Trog.
  5613 | D:7      | Found a flagged portal.
  5620 | Bailey   | Entered a bailey
  5629 | Bailey   | Noticed Scisco's ghost (experienced MiBe)
  5649 | Bailey   | Reached skill level 10 in Axes
  5705 | Bailey   | HP: 18/78 [Scisco's ghost (7)]
  5714 | Bailey   | Killed Scisco's ghost
  5714 | Bailey   | Reached skill level 11 in Axes
  5714 | Bailey   | Reached XP level 9. HP: 38/84 MP: 1/4
  5845 | Bailey   | HP: 15/84 [orc warrior/war axe (13)]
  5846 | Bailey   | HP: 5/84 [orc warrior/war axe (10)]
  5907 | Bailey   | HP: 14/84 [kobold/wand of cold (12)]
  5910 | Bailey   | HP: 3/84 [kobold/ tomahawk of returning (1)]
  5912 | Bailey   | HP: 1/84 [kobold/wand of cold (3)]
  5963 | Bailey   | HP: 11/84 [kobold/ tomahawk of returning (3)]
  6291 | Bailey   | Reached skill level 12 in Axes
  6291 | Bailey   | Reached skill level 4 in Armour
  6443 | Bailey   | Got a steaming great sword
  6450 | Bailey   | Identified the +4,+5 great sword of Oxepi {holy, Contam +Fly Int-2 Stlth--} (You took it off a gnoll in a bailey)
  6502 | Bailey   | Gained mutation: You are dopey. (Int -2) [mutagenic glow]
  6638 | D:7      | Reached skill level 5 in Armour
  6706 | D:7      | Found a shadowy altar of Dithmenos.
  6788 | D:7      | Found a white marble altar of Elyvilon.
  6928 | D:7      | Noticed Edmund
  6940 | D:7      | Killed Edmund
  7084 | D:7      | Reached skill level 6 in Armour
  7167 | D:7      | Got a fine sling
  7168 | D:7      | Identified the cursed +5,+10 sling "Jiocunli" {velocity, +Blink rPois rC++} (You found it on level 7 of the Dungeon)
  7222 | D:8      | Reached XP level 10. HP: 86/91 MP: 3/4
  7296 | D:8      | HP: 25/91 [killer bee (6)]
  7340 | D:8      | Reached skill level 13 in Axes
  7645 | D:8      | Reached skill level 7 in Armour
  7983 | D:9      | Reached skill level 8 in Armour
  8169 | D:9      | Noticed Joseph
  8183 | D:9      | Killed Joseph
  8183 | D:9      | Reached skill level 14 in Axes
  8183 | D:9      | Reached skill level 9 in Armour
  8415 | D:9      | Found a deep blue altar of Sif Muna.
  8705 | D:9      | Reached skill level 10 in Armour
  8705 | D:9      | Reached XP level 11. HP: 87/97 MP: 3/4
  8816 | D:10     | Entered Level 10 of the Dungeon
  9047 | D:10     | Found Lihopp's Weapon Boutique.
  9201 | D:10     | Reached skill level 15 in Axes
  9305 | D:10     | HP: 27/97 [gargoyle/stone arrow (14)]
  9601 | D:10     | Reached skill level 11 in Armour
  9625 | D:10     | Noticed Josephine
  9644 | D:11     | HP: 16/97 [something (16)]
  9977 | D:11     | Noticed Maurice
  9987 | D:11     | Killed Maurice
 10210 | D:11     | Killed an unseen horror
 10231 | D:11     | Noticed a hill giant
 10240 | D:11     | Killed a hill giant
 10325 | D:11     | Reached skill level 12 in Armour
 10379 | D:11     | Found a radiant altar of Vehumet.
 11139 | D:12     | Reached skill level 16 in Axes
 11259 | D:12     | Killed an unseen horror
 11846 | D:10     | Reached XP level 12. HP: 89/105 MP: 5/5
 11948 | D:10     | Found a staircase to the Orcish Mines.
 12271 | D:10     | Killed Josephine
 12271 | D:10     | Reached skill level 13 in Armour
 12349 | D:10     | Found a staircase to the Lair.
 12362 | Lair:1   | Entered Level 1 of the Lair of Beasts
 12626 | Lair:1   | Found a dark tunnel.
 12632 | Volcano  | Entered a volcano
 13003 | Volcano  | Found a radiant altar of Vehumet.
 13003 | Volcano  | Noticed Urug
 13030 | Volcano  | HP: 17/105 [Urug/great sword of flaming (22)]
 13501 | Volcano  | HP: 31/105 [orc warrior/trident of flaming (2)]
 13519 | Volcano  | HP: 19/105 [orc warrior/trident of flaming (17)]
 13519 | Volcano  | Mangled by Urug

Vanquished Creatures
  Josephine (D:10)
  The ghost of Scisco the Protected, an experienced MiBe of Trog (Bailey)
  2 unseen horrors
  A hill giant (D:11)
  Pikel (D:4)
  Joseph (D:9)
  Maurice (D:11)
  2 gargoyles (D:10)
  A centaur zombie (D:10)
  2 trolls
  A basilisk (Lair:1)
  A deep elf mage (D:10)
  4 fire bats (Volcano)
  A hill giant zombie (D:10)
  A shadow (D:11)
  20 yaks
  2 hippogriffs
  A human (D:7)
  5 hungry ghosts
  A steam dragon (D:10)
  2 ugly things
  A wyvern (D:9)
  Edmund (D:7)
  A soldier ant (D:11)
  An ice beast (D:6)
  8 orc warriors
  4 slaves (D:4)
  9 ogres
  A necrophage (D:10)
  3 sky beasts
  8 centaurs
  A crocodile (Lair:1)
  3 lava worms (Volcano)
  4 big kobolds
  9 giant frogs
  A wyvern zombie (D:10)
  4 scorpions
  2 eyes of draining
  2 troll zombies (D:10)
  A cyclops skeleton (D:12)
  17 killer bees
  A yak zombie (D:9)
  7 wights
  A yak skeleton (D:8)
  A hippogriff skeleton (D:10)
  3 lava snakes (Volcano)
  3 crimson imps
  A black bear zombie (D:10)
  A gnoll shaman (D:4)
  A quasit (D:10)
  2 two-headed ogre zombies
  10 hounds
  A jelly (D:4)
  4 orc priests
  A giant frog skeleton (D:10)
  A human zombie (Ossuary)
  5 orc wizards
  6 iguanas
  6 worker ants
  3 sheep (D:7)
  4 big kobold zombies
  A killer bee zombie (D:9)
  Ijyb (D:2)
  Jessica (D:2)
  4 ogre zombies (D:10)
  An ogre skeleton (D:5)
  5 mummies
  A worker ant zombie (D:6)
  6 gnolls
  13 adders
  2 giant mites
  2 shadow imps
  3 worms
  An iguana skeleton (D:10)
  6 giant geckos
  3 oozes
  32 orcs
  5 giant cockroaches
  15 goblins
  16 hobgoblins
  13 jackals
  56 kobolds
  A quokka (D:3)
  11 bats
  4 giant newts
  A goblin skeleton (D:4)
  4 goblin zombies
  2 hobgoblin skeletons
  9 hobgoblin zombies
  A jackal zombie (Ossuary)
  11 kobold zombies (Ossuary)
  5 orc skeletons
  18 orc zombies
  21 rats
  2 rat zombies (Ossuary)
  A plant (D:5)
473 creatures vanquished.

Vanquished Creatures (others)
  A neqoxec (Bailey)
  2 orc warriors (Volcano)
  A worm (D:4)
  A bat skeleton (D:6)
  2 jackals (D:4)
7 creatures vanquished.

Grand Total: 480 creatures vanquished
